AoeStats
← Mashu

Four Lakes

509145428Analyzed
1v1 RM · 5d ago on Sep 25, 2026· 49m 22s· 2 players
Game mode
Random Map
Map size
Tiny (2 player)
Population
200
Speed
Normal
Resources
Standard
Victory
Conquest
Starting age
Dark Age
Ending age
Imperial Age
RankedLock teamsTeams togetherTeam positionsShared explorationLock speedFull tech treeHidden civsTurbo modeCheats
Victory
Defeat
🇸🇦 Burgundians · Saudi Arabia
751
+15
🇺🇸 Berbers · United States
721
-15
Mashu
4:39 Loom
9:53 Feudal Age
12:32 Wheelbarrow
11:51 Town Watch
11:52 Horse Collar
12:03 Double-Bit Axe
13:32 Fishing Lines
17:04 Gold Mining
17:33 Bloodlines
21:20 Castle Age
20:35 Forging
22:24 Town Patrol
22:28 Husbandry
21:51 Pikeman
25:23 Gold Shaft Mining
24:41 Stone Mining
24:55 Squires
29:06 Scale Barding Armor
29:58 Hand Cart
31:18 Gillnets
36:32 Fletching
39:53 Stone Shaft Mining
39:58 Bodkin Arrow
44:33 Imperial Age
47:56 Bow Saw
47:19 Heavy Camel Rider
xxKAREEMxx72
6:51 Horse Collar
11:17 Feudal Age
12:37 Double-Bit Axe
12:54 Heavy Plow
14:08 Loom
20:30 Castle Age
22:18 Scale Barding Armor
24:35 Ballistics
27:44 Fletching
28:15 Chain Barding Armor
28:47 Crop Rotation
28:10 Gold Mining
29:30 Wheelbarrow
29:22 Pikeman
30:04 Squires
32:35 Forging
32:25 Scale Mail Armor
38:39 Imperial Age
36:53 Bodkin Arrow
36:59 Padded Archer Armor
37:44 Masonry
41:23 Chemistry
40:38 Husbandry
41:32 Murder Holes
43:24 Plate Barding Armor
48:35 Iron Casting
48:15 Chain Mail Armor
Connection lost

Rejoining the realm…

Still unreachable

The connection could not be restored.

Session expired

The server has moved on; the page needs a fresh start.